[Event "Polish Youth 1st League 2022"]
[Site "Lublin"]
[Date "2022.06.29"]
[Round "5.29"]
[White "Kroliczek, Gabriela"]
[Black "Kudlak, Julia"]
[Result "1/2-1/2"]
[ECO "B57"]
[WhiteElo "1934"]
[BlackElo "1654"]
[Annotator "TA"]
[PlyCount "98"]
[EventDate "2022.06.24"]
[EventType "team-tourn"]
[EventCountry "POL"]
[SourceTitle "playchess.com"]
[Source "ChessBase"]
[SourceQuality "1"]
[TimeControl "40/5400+30:1800+30"]

1. e4 c5 2. Nc3 Nc6 3. Nf3 d6 4. d4 cxd4 5. Nxd4 Nf6 6. Bc4 g6 7. Nxc6 bxc6 8. e5 d5 (8... Ng4 $14) 9. exf6 $18 {[%emt 0:08:49][%cal Rc3d5] And now Nxd5! would win. B57: Classical Sicilian: Sozin with 6...Qb6.} dxc4 {[%emt 0:00:16] [#]} 10. Qf3 Qc7 (10... Qd6 11. Bf4 (11. Ne4 Qd5 $14) 11... Qxf6 12. O-O-O) 11. O-O {[%emt 0:41:38] [#] Strongly threatening Re1. White is clearly better.} Be6 $146 (11... e5 {was necessary.} 12. Re1 Bd6) ({Predecessor:} 11... Bb7 12. Bf4 e5 13. Bxe5 Qb6 14. Rfe1 O-O-O 15. Qg4+ Rd7 16. Rad1 Qd8 17. Qxc4 Bd6 18. Bxd6 Rxd6 19. Rxd6 Qxd6 20. Qxf7 Qd2 21. Qe6+ {1-0 (21) Hoffman,M-Vohnout,P Czech Republic 1999}) 12. Bf4 Qb7 13. Be5 Rg8 14. Ne4 Qb5 {[%emt 0:10:16] Against Nc5} 15. fxe7 Bxe7 (15... Qxe5 $142 16. Nf6+ (16. exf8=R+ Kxf8 17. Nf6 Rh8 $16) 16... Kxe7 17. Nxg8+ Kd7) 16. Nf6+ Bxf6 17. Qxf6 {[%emt 0:00:25] aiming for Bd6.} (17. Bxf6 $6 Kd7 18. Rfe1 a5 $18) 17... Rd8 {[%emt 0:04:12] Against Bd6} 18. Rad1 Rd5 19. b3 {[%emt 0:07:30] Threatens to win with bxc4.} (19. Bd6 $6 Qb7 20. b3 Kd7 $18) 19... Kd7 $2 (19... c3 20. Bd6 Qb7 21. Qxc3 Kd7) 20. Qf4 $2 (20. bxc4 $18 {is the precise move to win.} Qxc4 21. Rb1) 20... g5 (20... Rxd1 $16 {might work better.} 21. Rxd1+ Kc8) 21. Qe3 (21. bxc4 gxf4 22. cxb5 Bh3 23. Rxd5+ (23. Bxf4 $2 Rxg2+ 24. Kh1 Rg4 $19) 23... cxd5 $11) (21. Qxc4 Qxc4 22. bxc4 Rxd1 23. Rxd1+ Kc8 $14) 21... Kc8 22. bxc4 ({Inferior is} 22. Qxa7 Rxe5 23. Qa8+ Qb8 24. Qxc6+ Qc7 25. Qa8+ Qb8 26. Qc6+ Qc7 27. Qa8+ Qb8 28. Qc6+ $11) 22... Rxe5 23. cxb5 Rxe3 24. fxe3 cxb5 {[%emt 0:02:16][%mdl 4096] Endgame KRR-KRB} 25. a3 Kb7 26. Rb1 Kc6 27. e4 g4 28. Rfd1 Rg5 29. Kf2 Rc5 30. Rb2 Rc4 31. Ke3 a5 32. Rd4 {[%emt 0:01:27] Rxc4+ is the strong threat.} Rc3+ 33. Rd3 Rc4 34. g3 Kc5 35. Rdb3 Ra4 (35... Bd7 $142 36. Kf4 f6) 36. Rxb5+ Kc6 37. Rh5 ({Don't play} 37. Rb6+ Kc5 38. R6b5+ Kc6) 37... Rxa3+ 38. Kd4 Ra4+ 39. Ke5 Ra1 {[%emt 0:00:24] [#]} (39... Rc4 $142 40. Kf4 (40. Rxh7 a4 $14) 40... Rc5 41. Rxh7 a4) 40. Rxh7 (40. Kf6 $1 $18 {and the rest is easy.}) 40... a4 $16 41. Rh8 (41. Rb4 $16) 41... a3 $11 {[%emt 0:05:01] The position is equal.} 42. Rb4 a2 43. Ra8 {[%emt 0:08:28] Black must now prevent c4.} Rc1 $1 44. Rba4 {[%emt 0:01:16][%cal Oc2c4] Hoping for c4!} Rxc2 45. R8a6+ Kb5 46. R6a5+ Kb6 47. Ra6+ Kb5 48. R6a5+ Kb6 49. Ra6+ Kb5 {[%emt 0:02:05] Black defended with fortune.  Weighted Error Value: White=0.36/Black=0.36} 1/2-1/2

[Event "Polish Youth 1st League 2022"]
[Site "Lublin"]
[Date "2022.06.29"]
[Round "5.30"]
[White "Dzierzgowska, Jagoda"]
[Black "Seemann, Pola"]
[Result "1/2-1/2"]
[ECO "D02"]
[WhiteElo "1267"]
[BlackElo "1777"]
[Annotator "NA RC"]
[PlyCount "79"]
[EventDate "2022.06.24"]
[EventType "team-tourn"]
[EventCountry "POL"]
[SourceTitle "playchess.com"]
[Source "ChessBase"]
[SourceQuality "1"]
[TimeControl "40/5400+30:1800+30"]

1. d4 d5 2. Nf3 Nf6 3. Bf4 c5 4. c3 Nc6 5. e3 Qb6 6. Qc2 g6 7. dxc5 Qxc5 8. Bd3 Bg7 9. h3 O-O 10. Nbd2 Re8 11. e4 e5 12. Bh2 Qb6 13. O-O Bd7 14. Rfe1 Rac8 15. Qb3 Qc5 16. exd5 Na5 17. Qb4 Qxd5 18. Be4 Nxe4 19. Qxe4 Qxe4 20. Nxe4 Rc6 21. Rad1 Bf5 22. Nd6 Rxd6 23. Rxd6 Nc4 24. Rd5 Nxb2 25. Nxe5 Nc4 26. f4 b6 27. Bg3 Nxe5 28. fxe5 Rc8 29. Rc1 Bh6 30. Rcd1 Rxc3 31. Rd8+ Kg7 32. Be1 Rc2 33. Bb4 Be3+ 34. Kh1 h5 35. Be7 g5 36. Bf6+ Kg6 37. Rg8+ Kh6 38. Rh8+ Kg6 39. Rg8+ Kh6 40. Rh8+ 1/2-1/2

[Event "Polish Youth 1st League 2022"]
[Site "Lublin"]
[Date "2022.06.30"]
[Round "6.1"]
[White "Madej, Marek"]
[Black "Klim, Filip"]
[Result "0-1"]
[ECO "B34"]
[WhiteElo "1978"]
[BlackElo "2015"]
[Annotator "RC"]
[PlyCount "64"]
[EventDate "2022.06.24"]
[EventType "team-tourn"]
[EventCountry "POL"]
[SourceTitle "playchess.com"]
[Source "ChessBase"]
[SourceQuality "1"]
[TimeControl "40/5400+30:1800+30"]

1. e4 c5 2. Nc3 Nc6 3. Nge2 g6 4. d4 cxd4 5. Nxd4 Bg7 6. Nde2 d6 7. g3 Nf6 8. Bg2 O-O 9. O-O Bd7 10. a4 Rc8 11. Nd5 Nxd5 12. exd5 Ne5 13. Ra2 Bg4 14. f3 Qb6+ 15. Kh1 Bf5 16. b3 Qc5 17. Nd4 Bd3 18. Ne6 Bxc2 19. Rxc2 Qxc2 20. Nxf8 Kxf8 21. Be3 a6 22. Qd4 Qxb3 23. Bg5 h6 24. f4 Qd3 25. Qb6 hxg5 26. fxe5 Bxe5 27. Qxb7 Rc2 28. Qb4 Bd4 29. Qb8+ Kg7 30. Qe8 Bf6 31. Qd7 Qe2 32. Rg1 Bd4 0-1

[Event "Polish Youth 1st League 2022"]
[Site "Lublin"]
[Date "2022.06.30"]
[Round "6.2"]
[White "Bartodziej, Bartosz"]
[Black "Nowak, Filip"]
[Result "0-1"]
[ECO "C54"]
[WhiteElo "1902"]
[BlackElo "1819"]
[Annotator "RC"]
[PlyCount "136"]
[EventDate "2022.06.24"]
[EventType "team-tourn"]
[EventCountry "POL"]
[SourceTitle "playchess.com"]
[Source "ChessBase"]
[SourceQuality "1"]
[TimeControl "40/5400+30:1800+30"]

1. e4 e5 2. Nf3 Nc6 3. Bc4 Bc5 4. c3 Nf6 5. d3 a6 6. Nbd2 d6 7. Bb3 h6 8. h3 Ba7 9. Nf1 O-O 10. Ng3 Re8 11. O-O Be6 12. Re1 d5 13. exd5 Bxd5 14. Be3 Bxe3 15. Rxe3 Bxb3 16. Qxb3 Qd5 17. Qc2 g6 18. a3 Rad8 19. Rae1 Kg7 20. Ne2 Qd6 21. Nc1 Nd5 22. R3e2 Nf4 23. Re3 f5 24. Qb3 b6 25. Qa4 Nd5 26. R3e2 a5 27. Kf1 Re7 28. Nd2 Rde8 29. Nc4 Qf6 30. Qc2 Qg5 31. f3 Nf4 32. Re3 b5 33. Nxa5 Nxa5 34. Qf2 Nd5 35. R3e2 Nb7 36. Nb3 Nd6 37. h4 Qf6 38. Na5 e4 39. dxe4 fxe4 40. Qc5 exf3 41. Rxe7+ Rxe7 42. Rxe7+ Nxe7 43. Qxc7 fxg2+ 44. Kxg2 Ndf5 45. Nb7 Nxh4+ 46. Kg1 Nhf5 47. Nc5 Qg5+ 48. Kf1 Qc1+ 49. Ke2 Qxb2+ 50. Kd3 Qb1+ 51. Kd2 Qa2+ 52. Kd3 Qd5+ 53. Kc2 Qd6 54. Qxd6 Nxd6 55. a4 bxa4 56. Nxa4 h5 57. Kd3 h4 58. Ke2 g5 59. Kf3 Kg6 60. Nc5 Nc6 61. Ne6 Ne5+ 62. Kg2 Kf6 63. Nd4 g4 64. Ne2 Ne4 65. Nf4 Kf5 66. Nd5 h3+ 67. Kh1 Nf3 68. Ne3+ Ke5 0-1

[Event "Polish Youth 1st League 2022"]
[Site "Lublin"]
[Date "2022.06.30"]
[Round "6.3"]
[White "Grot, Blazej"]
[Black "Nawalaniec, Adam"]
[Result "1/2-1/2"]
[ECO "C10"]
[WhiteElo "1819"]
[BlackElo "1740"]
[Annotator "NA RC"]
[PlyCount "107"]
[EventDate "2022.06.24"]
[EventType "team-tourn"]
[EventCountry "POL"]
[SourceTitle "playchess.com"]
[Source "ChessBase"]
[SourceQuality "1"]
[TimeControl "40/5400+30:1800+30"]

1. e4 e6 2. d4 d5 3. Nc3 dxe4 4. Nxe4 Bd7 5. Nf3 Bc6 6. Bd3 Nd7 7. O-O Ngf6 8. Ng3 g6 9. c3 Bg7 10. Re1 O-O 11. Bf4 b6 12. Qe2 Bb7 13. Rad1 Qc8 14. Ne5 c5 15. Ne4 Nh5 16. Qe3 Nxf4 17. Qxf4 Qb8 18. Ng3 $15 (18. Ng5 $11 {deserves consideration.} h6 19. Ngf3) 18... f6 {[%emt 0:08:08] [#]} (18... Bd5 $15 19. Be4 cxd4 20. cxd4 Nxe5 21. Bxd5 {[#]} Nd7 $1 22. Qxb8 Raxb8) 19. Qg4 $1 Nxe5 20. dxe5 f5 21. Qf4 Bd5 22. Bc4 {[%emt 0:03:25] [#]} (22. h4 $11) 22... g5 $1 23. Qxg5 Bxc4 24. Nh5 ({But not} 24. Rd7 $2 Rf7 25. Rxf7 Kxf7 $19) 24... Qc7 25. b3 (25. Nf6+ $142 Kh8 26. Qh4 Bxf6 27. exf6) 25... Bb5 26. Rd6 Be8 27. Nf6+ Kh8 28. Rxe6 Bg6 29. h4 Qf7 30. Rd6 Rad8 31. Red1 Rxd6 32. Rxd6 Qe7 33. Nxh7 Qxg5 34. Nxg5 Bh7 35. Rd7 Bg8 36. f4 Bh6 37. Rxa7 Bxg5 38. hxg5 Rd8 39. g4 fxg4 40. f5 Rd1+ 41. Kf2 Rd3 42. e6 Rf3+ 43. Kg2 Rxf5 44. e7 Bf7 45. Ra8+ Kg7 46. e8=Q Bxe8 47. Rxe8 Rxg5 48. Re6 Rg6 49. Rxg6+ Kxg6 50. a4 Kf5 51. b4 cxb4 52. cxb4 Ke5 53. a5 bxa5 54. bxa5 1/2-1/2

[Event "Polish Youth 1st League 2022"]
[Site "Lublin"]
[Date "2022.06.30"]
[Round "6.4"]
[White "Kowalski, Witold"]
[Black "Rozanski, Mateusz"]
[Result "1-0"]
[ECO "C50"]
[WhiteElo "1613"]
[BlackElo "1720"]
[Annotator "NA RC"]
[PlyCount "57"]
[EventDate "2022.06.24"]
[EventType "team-tourn"]
[EventCountry "POL"]
[SourceTitle "playchess.com"]
[Source "ChessBase"]
[SourceQuality "1"]
[TimeControl "40/5400+30:1800+30"]

1. e4 e5 2. Nf3 Nc6 3. Bc4 d6 4. d4 exd4 5. Nxd4 Nf6 6. Nc3 Be7 7. O-O Ne5 8. Bb3 O-O 9. f4 Nc6 10. h3 Nxd4 11. Qxd4 Nd7 12. Qd3 Nc5 13. Qf3 Ne6 14. Be3 c6 15. Rad1 Qa5 16. f5 Nc5 17. Qg3 Nd7 18. Kh1 Kh8 19. Bd4 f6 20. Ne2 Ne5 21. Nf4 d5 22. Nh5 Ng6 23. fxg6 dxe4 24. Nxf6 Bxf6 25. Rxf6 Bf5 26. Qh4 Bxg6 27. Rxg6 Rg8 28. Bxg8 Rxg8 29. Bxg7+ 1-0

[Event "Polish Youth 1st League 2022"]
[Site "Lublin"]
[Date "2022.06.30"]
[Round "6.5"]
[White "Krzyzosiak, Marta"]
[Black "Kudlak, Julia"]
[Result "1-0"]
[ECO "B23"]
[WhiteElo "1666"]
[BlackElo "1654"]
[Annotator "NA RC"]
[PlyCount "39"]
[EventDate "2022.06.24"]
[EventType "team-tourn"]
[EventCountry "POL"]
[SourceTitle "playchess.com"]
[Source "ChessBase"]
[SourceQuality "1"]
[TimeControl "40/5400+30:1800+30"]

1. e4 c5 2. Nc3 d6 3. d4 cxd4 4. Qxd4 Nc6 5. Qd2 g6 6. b3 Bh6 7. f4 e5 8. g3 exf4 9. gxf4 Nf6 10. Bb2 Nh5 11. Nd5 O-O 12. O-O-O Bg4 13. Be2 Qh4 14. Kb1 Rae8 15. Bxg4 Qxg4 16. Ne2 Bg7 17. Bxg7 Kxg7 18. Ng3 Nxg3 19. hxg3 Rxe4 20. Rxh7+ 1-0

[Event "Polish Youth 1st League 2022"]
[Site "Lublin"]
[Date "2022.06.30"]
[Round "6.6"]
[White "Dzierzgowska, Jagoda"]
[Black "Wieczorek, Maja"]
[Result "1/2-1/2"]
[ECO "E70"]
[WhiteElo "1267"]
[BlackElo "1316"]
[Annotator "NA RC"]
[PlyCount "91"]
[EventDate "2022.06.24"]
[EventType "team-tourn"]
[EventCountry "POL"]
[SourceTitle "playchess.com"]
[Source "ChessBase"]
[SourceQuality "1"]
[TimeControl "40/5400+30:1800+30"]

1. d4 Nf6 2. c4 g6 3. Nc3 Bg7 4. e4 O-O 5. Nf3 c6 6. e5 Ne8 7. Nd2 d6 8. exd6 exd6 9. Nb3 Nc7 10. Be2 f5 11. O-O f4 12. Bg4 Nd7 13. d5 Ne5 14. Bxc8 Rxc8 15. f3 Nxc4 16. dxc6 bxc6 17. Nd4 Qe8 18. Qd3 Ne5 19. Qd1 Ne6 20. Nxe6 Qxe6 21. Ne4 d5 22. Nc5 Qe7 23. Nd3 Nc4 24. Re1 Qh4 25. Qe2 Bd4+ 26. Kh1 Rce8 27. Qxe8 Rxe8 28. Rxe8+ Kf7 29. Re2 g5 30. Rb1 Nd6 31. Bd2 Nf5 32. Be1 Qh6 33. Ne5+ Bxe5 34. Rxe5 Qg6 35. Rc1 Ne3 36. Bb4 Nf5 37. Rce1 Qf6 38. b3 Ne3 39. Bc3 d4 40. Bxd4 Qd6 41. Bc3 Qd3 42. Rc5 Qc2 43. Rg1 Nd1 44. Bd4 Qd3 45. Rc1 Qxd4 46. Rgxd1 1/2-1/2

[Event "Polish Youth 1st League 2022"]
[Site "Lublin"]
[Date "2022.06.30"]
[Round "6.7"]
[White "Luczak, Filip"]
[Black "Wojdak, Jan"]
[Result "1-0"]
[ECO "A05"]
[WhiteElo "2311"]
[BlackElo "2144"]
[Annotator "TA"]
[PlyCount "87"]
[EventDate "2022.06.24"]
[EventType "team-tourn"]
[EventCountry "POL"]
[SourceTitle "playchess.com"]
[Source "ChessBase"]
[SourceQuality "1"]
[TimeControl "40/5400+30:1800+30"]

1. Nf3 Nf6 2. e3 g6 3. d4 Bg7 4. Be2 O-O 5. O-O d6 6. c4 c5 7. Nc3 b6 8. d5 Na6 {[%emt 0:08:24] E61: King's Indian: Early deviations for White, including Smyslov System.} 9. e4 Nd7 (9... Nc7 $14) 10. Bg5 $16 {[%emt 0:07:12] [#]} Ne5 $146 {[%emt 0:09:17] White is better.} ({Predecessor:} 10... f6 11. Be3 Nc7 12. Nd2 Ne5 13. f4 Nf7 14. g4 Bd7 15. a4 a6 16. f5 Rb8 {0-1 (49) Leonov,M (2031)-Radnaev,A (2038) Ulan-Ude 2011}) 11. Nxe5 Bxe5 12. f4 Bd4+ 13. Kh1 f5 14. Bf3 Rf7 {[%emt 0:07:35] [#]} (14... fxe4 $142 15. Bxe4 Rf7) 15. e5 $1 {[%emt 0:04:24] Strongly threatening exd6.} Nc7 16. Qe1 Ba6 17. e6 Rg7 18. Qe2 Kh8 19. a4 Rb8 (19... Rg8 $142) 20. Ra3 {[%emt 0:04:49] 0x0.00207cd2fac1dp-1022s more active pieces.} Rg8 21. Nb5 Nxb5 (21... Bxb5 {was called for.} 22. axb5 Rb7) 22. axb5 $18 ({Not} 22. cxb5 Bb7 $11) 22... Bb7 23. Rxa7 Qf8 24. Qe1 Qg7 (24... Bxb2 $142 25. Qh4 Bf6 26. Bxf6+ exf6) 25. Qh4 Rge8 26. b3 Kg8 27. g4 fxg4 28. Bxg4 Be3 $2 (28... Bf6 29. Bxf6 exf6) 29. f5 Bxg5 30. Qxg5 {[%emt 0:00:02] [#] aiming for fxg6.} Rf8 31. Bh3 Rf6 32. fxg6 Rxf1+ (32... Rxg6 33. Qe3 Qb2) 33. Bxf1 {[%emt 0:00:05] White is clearly winning.} Qxg6 34. Qxg6+ ({Weaker is} 34. Qxe7 Qe4+ 35. Kg1 Qe3+ 36. Kh1 (36. Kg2 Rf8 $11) 36... Qf3+ 37. Kg1 Qe3+ 38. Kh1 (38. Kg2 Rf8 $11) 38... Qf3+ 39. Kg1 Qe3+ $11) 34... hxg6 {[%emt 0:00:05][%mdl 4096] Endgame KRB-KRB} 35. h4 Kg7 36. Kg2 Kh6 37. Be2 Kg7 38. Kg3 Kf6 39. Kg4 Bc8 40. Bd3 Bb7 41. Bc2 Bc8 42. Ra1 Bb7 43. Rf1+ Ke5 44. Bxg6 {[%emt 0:00:43] Weighted Error Value: White=0.18 (very precise) /Black=0.39} 1-0

[Event "Polish Youth 1st League 2022"]
[Site "Lublin"]
[Date "2022.06.30"]
[Round "6.8"]
[White "Jendrowiak, Maciej"]
[Black "Bachor, Tomasz"]
[Result "1/2-1/2"]
[ECO "B30"]
[WhiteElo "1713"]
[BlackElo "1971"]
[Annotator "RC"]
[PlyCount "110"]
[EventDate "2022.06.24"]
[EventType "team-tourn"]
[EventCountry "POL"]
[SourceTitle "playchess.com"]
[Source "ChessBase"]
[SourceQuality "1"]
[TimeControl "40/5400+30:1800+30"]

1. e4 c5 2. Nf3 Nc6 3. c3 d5 4. exd5 Qxd5 5. d4 g6 6. Be3 cxd4 7. Nxd4 Bg7 8. Nxc6 Qxc6 9. Qb3 Bd7 10. Nd2 Nf6 11. Nf3 Qc7 12. Bb5 O-O 13. Bxd7 Nxd7 14. O-O Rfd8 15. Rad1 b6 16. Rfe1 Nc5 17. Qc4 Ne6 18. Qxc7 Nxc7 19. Bd4 Ne6 20. Bxg7 Kxg7 21. Ne5 Rxd1 22. Rxd1 Rd8 23. Rxd8 Nxd8 24. f3 f6 25. Nd3 Nc6 26. Kf2 e5 27. Ke3 f5 28. b4 Kf6 29. a4 Ke6 30. Nb2 Kd5 31. c4+ Kd6 32. Nd3 a5 33. bxa5 Nxa5 34. Nb2 Kc5 35. Nd3+ Kd6 36. Nb2 g5 37. g3 h5 38. Kd3 Kc5 39. Kc3 e4 40. fxe4 fxe4 41. h3 g4 42. hxg4 hxg4 43. Nd1 Nxc4 44. Nf2 Nd6 45. Nxg4 Nf5 46. Nf6 Nxg3 47. Nd7+ Kc6 48. Ne5+ Kd5 49. Nd7 Kc6 50. Ne5+ Kd6 51. Kd4 Ne2+ 52. Kxe4 Nc3+ 53. Kd4 Nxa4 54. Nc4+ Kc6 55. Nxb6 Nxb6 1/2-1/2

[Event "Polish Youth 1st League 2022"]
[Site "Lublin"]
[Date "2022.06.30"]
[Round "6.9"]
[White "Cieslak, Patryk"]
[Black "Wierzbicki, Dawid"]
[Result "1/2-1/2"]
[ECO "B90"]
[WhiteElo "2019"]
[BlackElo "1556"]
[Annotator "RC"]
[PlyCount "146"]
[EventDate "2022.06.24"]
[EventType "team-tourn"]
[EventCountry "POL"]
[SourceTitle "playchess.com"]
[Source "ChessBase"]
[SourceQuality "1"]
[TimeControl "40/5400+30:1800+30"]

1. e4 c5 2. Nf3 d6 3. d4 cxd4 4. Nxd4 Nf6 5. Nc3 a6 6. Rg1 b5 7. g4 Bb7 8. Bg2 e6 9. g5 Nfd7 10. a3 Nc6 11. Be3 Nde5 12. Nxc6 Bxc6 13. b3 Qa5 14. Bd2 Qb6 15. Be3 Qa5 16. Qd4 Ng6 17. Qd2 e5 18. Nd5 Qxd2+ 19. Kxd2 Bxd5 20. exd5 Be7 21. c4 O-O 22. Be4 Rab8 23. Rgc1 bxc4 24. bxc4 Nf4 25. h4 f5 26. Bxf4 exf4 27. Bd3 Bd8 28. Rab1 Bb6 29. Ke2 g6 30. Rb3 Bc5 31. Rcb1 Rxb3 32. Rxb3 a5 33. Rb5 Bxa3 34. Rxa5 Bc5 35. h5 Rb8 36. f3 Rb2+ 37. Kd1 Rd2+ 38. Kxd2 Bb4+ 39. Kc2 Bxa5 40. c5 dxc5 41. d6 Bd8 42. Bc4+ Kf8 43. Kb3 Bxg5 44. Be6 Ke8 45. Kc4 gxh5 46. Kxc5 Kd8 47. Bxf5 h4 48. Kd5 h5 49. Ke5 Bh6 50. Bh3 Bg5 51. Kf5 Bh6 52. Ke5 Bf8 53. d7 Bh6 54. Kf5 Kc7 55. Kg6 Bf8 56. Kf7 Bh6 57. Ke6 Bf8 58. Ke5 Bd6+ 59. Ke6 Ba3 60. Kf7 Kd8 61. Kf6 Bd6 62. Kg5 Bb8 63. Kxh4 Bc7 64. Kg5 Bb8 65. Kf6 Bc7 66. Ke6 Bb8 67. Kd5 Bc7 68. Kc6 Bb8 69. Kb7 Be5 70. Bf5 Bd6 71. Bh3 Be5 72. Bf5 Bd6 73. Bh3 Be5 1/2-1/2

[Event "Polish Youth 1st League 2022"]
[Site "Lublin"]
[Date "2022.06.30"]
[Round "6.10"]
[White "Oles, Mateusz"]
[Black "Brzezina, Piotr"]
[Result "0-1"]
[ECO "B22"]
[WhiteElo "1201"]
[BlackElo "1633"]
[Annotator "NA RC"]
[PlyCount "106"]
[EventDate "2022.06.24"]
[EventType "team-tourn"]
[EventCountry "POL"]
[SourceTitle "playchess.com"]
[Source "ChessBase"]
[SourceQuality "1"]
[TimeControl "40/5400+30:1800+30"]

1. e4 c5 2. c3 Nf6 3. e5 Nd5 4. Nf3 Nc6 5. Bc4 Nb6 6. Bb3 d6 7. exd6 Qxd6 8. O-O e6 9. d4 cxd4 10. Nxd4 Nxd4 11. Qxd4 Qxd4 12. cxd4 Bd7 13. Nc3 Bc6 14. Bf4 Kd7 15. Rac1 Bd6 16. Bxd6 Kxd6 17. f3 Rhd8 18. Kf2 Ke7 19. Ke3 Rd7 20. Rfd1 Rad8 21. g3 a5 22. a4 g5 23. h4 gxh4 24. gxh4 Rg8 25. Rg1 Rdd8 26. Rcd1 Rc8 27. Rc1 Kd6 28. Kf4 Rg6 29. Rxg6 hxg6 30. Rh1 Nd5+ 31. Bxd5 Bxd5 32. Rc1 Kd7 33. Ke3 Rc4 34. Ra1 Rb4 35. Nxd5 exd5 36. Rc1 b6 37. Ra1 Rxb2 38. Kf4 Kd6 39. Kg5 Rd2 40. Kf6 Rxd4 41. Kxf7 Rxh4 42. Kxg6 Rf4 43. Ra3 d4 44. Kg5 Rf8 45. f4 Kc5 46. f5 Kc4 47. Rh3 d3 48. Rh7 Rd8 49. f6 d2 50. Rh4+ Kb3 51. Rh3+ Kxa4 52. Rh4+ Kb3 53. Rh3+ Kc2 0-1

[Event "Polish Youth 1st League 2022"]
[Site "Lublin"]
[Date "2022.06.30"]
[Round "6.11"]
[White "Hertlein, Irena"]
[Black "Kroliczek, Gabriela"]
[Result "1-0"]
[ECO "A05"]
[WhiteElo "1873"]
[BlackElo "1934"]
[Annotator "RC"]
[PlyCount "68"]
[EventDate "2022.06.24"]
[EventType "team-tourn"]
[EventCountry "POL"]
[SourceTitle "playchess.com"]
[Source "ChessBase"]
[SourceQuality "1"]
[TimeControl "40/5400+30:1800+30"]

1. Nf3 Nf6 2. g3 d5 3. Bg2 Nbd7 4. d4 b5 5. O-O e6 6. Nbd2 c5 7. e4 Bb7 8. e5 Ne4 9. c3 Nxd2 10. Bxd2 Be7 11. Be3 O-O 12. Nd2 Qb6 13. f4 b4 14. Qf3 f5 15. g4 Ba6 16. Rfc1 Bd3 17. Bf2 Qa6 18. cxb4 cxd4 19. Rc7 Bxb4 20. Bf1 Bxf1 21. Nxf1 Nc5 22. a3 Ne4 23. gxf5 Rxf5 24. Rac1 Bf8 25. Bxd4 Qa4 26. Qe3 a5 27. Ng3 Nxg3 28. hxg3 Rb8 29. g4 Rf7 30. Rxf7 Kxf7 31. f5 Rb3 32. Qf4 Rxb2 33. fxe6+ Ke7 34. Rc7+ Kd8 1-0

[Event "Polish Youth 1st League 2022"]
[Site "Lublin"]
[Date "2022.06.30"]
[Round "6.12"]
[White "Seemann, Pola"]
[Black "Duda, Aleksandra"]
[Result "1-0"]
[ECO "C00"]
[WhiteElo "1777"]
[BlackElo "1453"]
[Annotator "NA RC"]
[PlyCount "65"]
[EventDate "2022.06.24"]
[EventType "team-tourn"]
[EventCountry "POL"]
[SourceTitle "playchess.com"]
[Source "ChessBase"]
[SourceQuality "1"]
[TimeControl "40/5400+30:1800+30"]

1. e4 e6 2. d4 d5 3. Bd3 dxe4 4. Bxe4 Nf6 5. Bf3 c5 6. Ne2 Be7 7. Nbc3 O-O 8. Be3 cxd4 9. Nxd4 e5 10. Ndb5 Nc6 11. Qxd8 Rxd8 12. Nc7 Rb8 13. N7d5 Nxd5 14. Nxd5 Bf8 15. O-O-O Be6 16. a3 f5 17. Nc3 e4 18. Be2 b6 19. f3 exf3 20. Bxf3 Na5 21. Nd5 Rbc8 22. Bg5 Rd7 23. Rhe1 Bxd5 24. Bxd5+ Kh8 25. Be6 Rxd1+ 26. Rxd1 Re8 27. Bxf5 h6 28. Bf4 g5 29. Bg3 Nc4 30. Bd3 Nd6 31. Rf1 Nc8 32. Bb5 Rd8 33. Bc7 1-0

[Event "Polish Youth 1st League 2022"]
[Site "Lublin"]
[Date "2022.06.30"]
[Round "6.13"]
[White "Suder, Jakub"]
[Black "Wieczorek, Mikolaj"]
[Result "1-0"]
[ECO "A40"]
[WhiteElo "2306"]
[BlackElo "1942"]
[Annotator "TA"]
[PlyCount "111"]
[EventDate "2022.06.24"]
[EventType "team-tourn"]
[EventCountry "POL"]
[SourceTitle "playchess.com"]
[Source "ChessBase"]
[SourceQuality "1"]
[TimeControl "40/5400+30:1800+30"]

1. d4 e6 2. c4 c5 3. d5 exd5 4. cxd5 d6 5. Nc3 g6 6. e4 Bg7 7. Nf3 Ne7 {[%emt 0:01:40] A43: Schmid Benoni.} 8. Bf4 a6 {[%emt 0:00:21] Against Nb5} 9. a4 O-O {[%emt 0:00:11] White is slightly better.} 10. Bc4 Bg4 11. O-O {[%emt 0:01:47] [#]} Bxf3 $146 ({Predecessor:} 11... Nc8 12. h3 Qf6 13. Be3 Bxf3 14. Qxf3 Qxf3 15. gxf3 f5 16. f4 Bxc3 17. bxc3 fxe4 {0-1 (50) Juptner,J (2229)-Vokac,M (2507) Plzen 2001}) 12. Qxf3 Qc7 13. Qg3 Rd8 (13... Nc8 $1 $14) 14. h4 Nc8 15. h5 Nd7 16. h6 Bh8 17. Rae1 {[%emt 0:06:59] 0x0.002229f05fcadp-1022s more active pieces. The black rooks are badly placed.} Re8 18. Kh1 Qb6 19. Bc1 Qb4 $1 20. Ba2 Ncb6 21. f4 (21. Qxd6 $2 Be5 22. Qxe5 Nxe5 $19) 21... Nxa4 (21... Bxc3 $11 {keeps the balance.} 22. bxc3 Qxa4) 22. e5 $1 $16 Nxc3 (22... dxe5 $2 23. Re4 c4 24. Rxc4 exf4 25. Qxf4 $18) 23. bxc3 Qa4 24. Bb1 {[%emt 0:02:13] Strongly threatening e6.} dxe5 25. f5 e4 26. fxg6 fxg6 27. Bg5 (27. Qf4 Rf8 28. Qxe4 Qxe4 29. Bxe4 Bxc3 $17) 27... Qb5 $2 ({Black should play} 27... Rf8 $14) 28. c4 $18 Qb6 (28... Qxc4 29. Qd6 Qa4 30. Be7 $18) 29. Rxe4 (29. Bxe4 $18 {aiming for d6.} Be5 30. Qf3) 29... Rxe4 (29... Be5 $1 $11 30. Qg4 Rf8) 30. Bxe4 $40 {[%emt 0:00:08][%mdl 128] White wants a kill.} Be5 $2 (30... Rf8 $16 {is more resistant.} 31. Rd1 (31. Rxf8+ Kxf8 32. Qf3+ Ke8 $11) 31... Re8) 31. Qg4 $18 Rf8 32. Rxf8+ Nxf8 {[%emt 0:00:38] [#]} 33. d6 $1 {[%emt 0:01:59] Qc8 would kill now.} Qa5 34. Qd1 {[%emt 0:03:09] Inhibits Qe1+.} ({Better is} 34. g3 $18 {Intending d7 and mate.} Qa1+ 35. Kg2 Qa2+ 36. Kh3 Qxc4 37. d7) 34... Qc3 $1 $11 {[%emt 0:02:30] Threatens to win with ...Qg3.} 35. Qf1 {[%emt 0:10:16] White wants to mate with Bd5+.} ({But not} 35. Bxb7 $2 Qg3 36. Bd5+ Kh8 $19) (35. d7 $2 {[#]} Nxd7 $1 36. Kg1 (36. Bd5+ Kh8 $17) 36... Qg3 $17) 35... Qa1 $2 (35... Nd7 $11 36. Bd5+ Kh8) 36. Bd5+ $18 {[%emt 0:00:22] This bishop pair is nice.} Kh8 37. Qxa1 Bxa1 {[%emt 0:00:04][%mdl 4096] Endgame KBB-KBN} 38. Be7 Nd7 39. Bxb7 a5 40. Bc8 Nb6 41. d7 Nxd7 42. Bxd7 Bd4 43. Bd8 Be3 44. Be6 Bxh6 45. Bxa5 {[%emt 0:00:19] Hoping for Kg1.} Bg7 46. Kh2 Be5+ 47. Kh3 {[%emt 0:00:12] Kg4 is the strong threat.} Kg7 48. Bd8 {[%emt 0:00:41] Black must now prevent Kg4.} h6 49. Be7 {[%emt 0:00:13] White threatens Kg4 and mate.} Bd4 50. Kg4 h5+ 51. Kf4 Kh6 52. Bf8+ Kh7 53. Bf7 Bg1 54. Ke4 h4 55. Kf4 Bf2 56. Ke4 $2 {[%mdl 32768] Weighted Error Value: White=0.27 (precise) /Black=0.43. Sensor Board Error (Ke4/e5)?} (56. Kg5 $18 Bd4 57. Bxg6+ Kg8 58. Bd6) 1-0